 Dungeon Crawl Stone Soup version 0.18-a0-1171-ga8e22e7 (webtiles) character file.

18 4thArraOfDagon the Gusty (level 2, 0/20 HPs)
             Began as a Draconian Air Elementalist on Jan 26, 2016.
             Slain by a worker ant (1 damage)
             ... on level 4 of the Dungeon.
             The game lasted 00:03:54 (547 turns).

4thArraOfDagon the Gusty (DrAE)                      Turns: 547, Time: 00:03:54

Health: 0/20       AC:  0    Str: 10    XL:     2   Next: 48%
Magic:  3/5        EV: 12    Int: 17    God:
Gold:   7          SH:  0    Dex: 14    Spells: 3 memorised, 0 levels left

rFire  . . .     SeeInvis .     e - +6 falchion of Somewhere Else {slice, Dex+3}
rCold  . . .     Gourm    .     (armour unavailable)
rNeg   . . .     Faith    .     (no shield)
rPois  .         Spirit   .     (helmet restricted)
rElec  .         Dismiss  .     (no cloak)
rCorr  .         Reflect  .     (no gloves)
SustAt .         Harm     .     f - +0 pair of boots
MR     .....                    (no amulet)
Stlth  ++........               i - -5 ring of protection (curse)
                                c - +2 ring of intelligence

@: lethally poisoned (0 -> -9), repel missiles, not resistant to hostile
enchantments, unstealthy
A: unfitting armour, cold-blooded, AC +4
a: no special abilities


You were on level 4 of the Dungeon.
You were full.

You visited 1 branch of the dungeon, and saw 4 of its levels.

You collected 7 gold pieces.

Inventory:

Hand Weapons
 e - the +6 falchion of Somewhere Else (weapon) {slice, Dex+3}
   (You found it on level 4 of the Dungeon)

   It inflicts extra damage upon your enemies.
   It affects your dexterity (+3).
Armour
 f - a +0 pair of boots (worn)
Jewellery
 c - a +2 ring of intelligence (left hand)
 i - a cursed -5 ring of protection (right hand)
Books
 a - a book of Air

   Spells                             Type                      Level
   a - Shock                          Conjuration/Air              1
   b - Swiftness                      Charms/Air                   2
   c - Repel Missiles                 Charms/Air                   2
   d - Static Discharge               Conjuration/Air              3
   e - Lightning Bolt                 Conjuration/Air              5
Comestibles
 b - 3 bread rations
 d - a slice of pizza


   Skills:
 + Level 0.0 Fighting
 - Level 1.7 Dodging
 - Level 1.7 Stealth
 * Level 0.0 Unarmed Combat
 - Level 2.0 Spellcasting
 - Level 1.8 Conjurations
 - Level 3.5 Air Magic


You couldn't memorise any spells.
You knew the following spells:

 Your Spells              Type           Power        Failure   Level  Hunger
a - Shock                 Conj/Air       ##..         10%         1    #......
b - Repel Missiles        Chrm/Air       #.....       17%         2    ###....
c - Swiftness             Chrm/Air       #.......     17%         2    ###....


Dungeon Overview and Level Annotations

Branches:
Dungeon (4/15)
 Temple: D:4-7

Altars:
Okawaru


Innate Abilities, Weirdness & Mutations

Your plain brown scales are hard (AC +4).
Your body does not fit into most forms of armour.
You are cold-blooded and may be slowed by cold attacks.


Message History

The worker ant bites you.
You are lethally poisoned!
The worker ant poisons you!
Unknown command.
Casting: Shock
Confirm with . or Enter, or press ? or * to list all spells.
Aiming: Shock
Press: ? - help, Shift-Dir - straight line The zap hits the worker ant.
The worker ant is heavily wounded.
The zap hits the worker ant.
The worker ant is heavily wounded.
You feel sick. The worker ant closely misses you.
Unknown command.
You barely miss the worker ant.
The worker ant is heavily wounded.
You feel sick. The worker ant bites you!
* * * LOW HITPOINT WARNING * * *
The worker ant bites you.
You die...

...###### #####. ..##
.....# ### .....#
.....# .....# ##
.....# ... ####.....#.
#.# #######..a.......
. #..>....@#.....#. #
#...>....####.##
#........######
#............#
#.........#### #
#.........#### # ..
#............#
####.#######.####....#
#.....(..............#


You could see a worker ant.

Vanquished Creatures
  An orc (D:3)
  5 hobgoblins
  3 jackals (D:3)
  2 kobolds (D:1)
  A bat (D:1)
  A jackal skeleton (D:4)
  A rat (D:1)
14 creatures vanquished.

Notes
Turn   | Place    | Note
--------------------------------------------------------------
     0 | D:1      | 4thArraOfDagon the Draconian Air Elementalist began the quest for the Orb.
     0 | D:1      | Reached XP level 1. HP: 14/14 MP: 3/3
   241 | D:1      | Reached XP level 2. HP: 5/20 MP: 1/5
   409 | D:4      | Found an iron altar of Okawaru.
   429 | D:4      | Got a polished falchion
   430 | D:4      | Identified the +6 falchion of Somewhere Else {slice, Dex+3} (You found it on level 4 of the Dungeon)
   502 | D:4      | Learned a level 2 spell: Repel Missiles
   508 | D:4      | Learned a level 2 spell: Swiftness
   547 | D:4      | HP: 1/20 [worker ant (7)]
   547 | D:4      | Slain by a worker ant

Vault maps used:
D:1:      roderic_crop_circles_arrival_small, minmay_cut_off
D:2:      uniq_terence, uniq_natasha
D:3:      elyvilon_altar_5, first_bread
D:4:      lightli_temple_of_fire, okawaru_ov_weapons_minmay, uniq_grinder

Action                   || total
-------------------------++-------
Melee: Unarmed           ||    19
       Falchion          ||     5
 Cast: Shock             ||    20
       Repel Missiles    ||     1
  Use: Potion            ||     3
       Scroll            ||     3
 Stab: Sleeping          ||     1
  Eat: Fruit             ||     4
